 Dungeon Crawl Stone Soup version 0.23-a0-309-ge7838e6 (webtiles) character file.

98 tilp the Chiller (level 4, -6/30 HPs)
             Began as a Merfolk Ice Elementalist on Oct 11, 2018.
             Mangled by a centaur (7 damage)
             ... on level 2 of the Dungeon.
             The game lasted 00:04:18 (2053 turns).

tilp the Chiller (Merfolk Ice Elementalist)         Turns: 2053, Time: 00:04:20

Health: -6/30      AC:  2    Str:  8    XL:     4   Next: 69%
Magic:  6/7        EV: 13    Int: 15    God:
Gold:   92         SH:  6    Dex: 14    Spells: 4/7 levels left

rFire    . . .     SeeInvis .   f - +1 short sword
rCold    . . .     Gourm    .   (no shield)
rNeg     . . .     Faith    .   a - +0 robe
rPois    .         Spirit   .   (no helmet)
rElec    .         Reflect  +   (no cloak)
rCorr    .         Harm     .   (no gloves)
MR       .....                  (no boots)
Stlth    ++........             e - +6 amulet of reflection
HPRegen  0.10/turn              (no ring)
MPRegen  0.10/turn              (no ring)

@: no status effects
A: change form in water, swift swim, stealthy swim
a: no special abilities


You were on level 2 of the Dungeon.
You were not hungry.

You visited 1 branch of the dungeon, and saw 2 of its levels.

You collected 92 gold pieces.

Inventory:

Hand Weapons
 f - a +1 short sword (weapon)
 m - a +0 spear
Missiles
 b - 42 stones (quivered)
Armour
 a - a +0 robe (worn)
Jewellery
 e - a +6 amulet of reflection (around neck)
 k - a cursed -2 ring of dexterity {unknown}
Potions
 d - a potion of berserk rage
 g - a potion of flight
 h - 2 potions of agility
 i - a potion of might {unknown}
 l - a potion of magic {unknown}
 n - 2 potions of curing {unknown}
Comestibles
 c - 4 rations
 j - 6 chunks of flesh


   Skills:
 - Level 2.6 Dodging
 - Level 2.1 Stealth
 - Level 2.0 Spellcasting
 - Level 0.7 Conjurations
 + Level 5.8 Ice Magic


You had 4 spell levels left.
You knew the following spells:

 Your Spells              Type           Power        Failure   Level  Hunger
a - Freeze                Ice            ###.         1%          1    #......
b - Throw Frost           Conj/Ice       ##....       9%          2    ###....

Your spell library contained the following spells:

 Spells                   Type           Power        Failure   Level  Hunger
 Ozocubu's Armour         Chrm/Ice       ##......     21%         3    ###....
 Throw Icicle             Conj/Ice       ##......     50%         4    #####..
 Summon Ice Beast         Ice/Summ       ##......     54%         4    #####..


Dungeon Overview and Level Annotations

Branches:
Dungeon (2/15)

Altars:


Message History

The centaur wields a shortbow.
The centaur shoots an arrow.
The arrow hits you!
You see here an arrow.
The centaur unwields an uncursed shortbow.
The centaur barely misses you. You block the centaur's attack.
You hit the centaur.
The centaur is lightly wounded.
The centaur hits you.
You hit the centaur.
The centaur is moderately wounded.
The centaur hits you. The centaur hits you!
* * * LOW HITPOINT WARNING * * *
Casting: Freeze (safe; 1% risk of failure)
Confirm with . or Enter, or press ? or * to list all spells.
Aiming: Freeze (safe; 1% risk of failure)
Press: ? - help, Shift-Dir - straight line, f - centaur
Aim: a centaur (moderately wounded)
You freeze the centaur.
The centaur is heavily wounded.
The centaur hits you!
You die...

..#.################
.....>c@(..........#
..########.#.#####.#
#...# #.# #...# #.#
# #...# #g# .
.########...# #.# .
......^.....# #g# .
#########...# #.# .
#...### #.#


You could see a centaur.

Vanquished Creatures
  3 gnolls
  2 adders (D:2)
  A worm (D:2)
  2 leopard geckos (D:2)
  2 bats (D:1)
  3 giant cockroaches
  6 goblins
  6 hobgoblins
  3 jackals (D:2)
  7 kobolds
  5 frilled lizards
  3 rats (D:1)
43 creatures vanquished.

Notes
Turn   | Place    | Note
-------+----------+-------------------------------------------
     0 | D:1      | tilp the Merfolk Ice Elementalist began the quest for the
                  | Orb.
     0 | D:1      | Reached XP level 1. HP: 13/13 MP: 3/3
   161 | D:1      | Reached XP level 2. HP: 19/19 MP: 5/5
   165 | D:1      | Learned a level 2 spell: Throw Frost
   196 | D:1      | Reached skill level 4 in Ice Magic
   993 | D:1      | Reached XP level 3. HP: 22/24 MP: 4/6
  1234 | D:1      | Reached skill level 5 in Ice Magic
  1733 | D:2      | Reached XP level 4. HP: 24/30 MP: 4/7
  1893 | D:2      | Noticed a centaur
  2052 | D:2      | HP: 1/30 [centaur (10)]
  2053 | D:2      | Mangled by a centaur

Vault maps used:
D:1:      dpeg_arrival_shrine, minmay_split_cup_small
D:2:      lemuel_round_altar, makhleb_heckhound_becter

Skill      XL: |  1  2  3 |
---------------+----------+-----
Ice Magic      | 4 5 |  5.8
Dodging        | |  2.6
Stealth        | |  2.1
Spellcasting   | |  2.0
Conjurations   | |  0.7

Action                   |  1- 3 |  4- 6 || total
-------------------------+-------+-------++-------
Melee: Short sword       |    97 |    26 ||   123
 Cast: Freeze            |    19 |    15 ||    34
       Throw Frost       |     5 |       ||     5
  Use: Scroll            |     7 |     2 ||     9
       Potion            |     1 |       ||     1
 Stab: Sleeping          |     2 |       ||     2
  Eat: Chunk             |     3 |     2 ||     5
Armor: Robe              |    22 |     4 ||    26
Dodge: Dodged            |    82 |    30 ||   112
Block: Other             |     5 |    14 ||    19

Table legend:
 A = Non-vault XP
 B = Vault XP
 C = Vault XP percentage of total XP
 D = Non-vault monster count
 E = Vault monster count
 F = Vault count percentage of total count
                 A         B        C        D         E       F
            +---------+---------+-------+---------+---------+-------
      Total |     134 |       6 |   4.3 |      40 |       3 |   7.0
            +---------+---------+-------+---------+---------+-------
        D:1 |      47 |       6 |  11.3 |      21 |       3 |  12.5
        D:2 |      87 |       0 |   0.0 |      19 |       0 |   0.0
            +---------+---------+-------+---------+---------+-------
